 Dungeon Crawl Stone Soup version 0.25.0-11-g1f837a76a1 (webtiles) character file.

Game seed: 2084680967000947583

1859 Peloso the Blocker (level 8, -2/70 HPs)
             Began as a Minotaur Fighter on June 25, 2020.
             Killed by drain life
             ... invoked by a soul eater
             ... summoned by a kobold demonologist
              (9 damage)
             ... on level 7 of the Dungeon.
             The game lasted 00:08:47 (5501 turns).

Peloso the Blocker (Minotaur Fighter)               Turns: 5501, Time: 00:08:48

Health: -2/70      AC: 17    Str: 22    XL:     8   Next: 89%
Magic:  7/7        EV:  3    Int:  5    God:
Gold:   257        SH: 17    Dex: 11    Spells: 7/7 levels left

rFire    . . .     SeeInvis .   a - +0 long sword
rCold    . . .     Gourm    .   c - +0 tower shield
rNeg     . . .     Faith    .   l - +3 plate armour
rPois    .         Spirit   .   (helmet restricted)
rElec    .         Reflect  .   n - +0 cloak
rCorr    .         Harm     .   (no gloves)
MR       .....                  (no boots)
Stlth    ..........             (no amulet)
HPRegen  0.21/turn              (no ring)
MPRegen  0.10/turn              (no ring)

@: no status effects
A: retaliatory headbutt, horns 2
a: no special abilities


You were on level 7 of the Dungeon.
You were not hungry.

You visited 2 branches of the dungeon, and saw 8 of its levels.

You collected 257 gold pieces.

Inventory:

Hand Weapons
 a - a +0 long sword (weapon)
Armour
 b - a +0 scale mail
 c - a +0 tower shield (worn)
 l - a +3 plate armour (worn)
 n - a +0 cloak (worn)
Wands
 q - a wand of flame (34)
 w - a wand of random effects (27)
Scrolls
 e - 4 scrolls of teleportation
 g - a scroll of enchant armour {unknown}
 h - 2 scrolls of fog
 i - 2 scrolls of remove curse
 j - a scroll of enchant weapon {unknown}
 k - 3 scrolls of blinking {unknown}
 m - 2 scrolls of magic mapping {unknown}
 o - 4 scrolls of amnesia
 p - 2 scrolls of immolation {unknown}
 s - 8 scrolls of identify {unknown}
 t - 2 scrolls of fear {unknown}
 x - a scroll of random uselessness {unknown}
Potions
 d - 2 potions of might
 r - a potion of heal wounds {unknown}
 u - a potion of lignification {unknown}
 v - 2 potions of curing {unknown}
 A - 2 potions of berserk rage {unknown}
 B - a potion of ambrosia {unknown}
 C - a potion of flight
 D - a potion of mutation {unknown}
Comestibles
 f - 7 rations
 z - 3 chunks of flesh


   Skills:
 + Level 6.1 Fighting
 + Level 8.3 Long Blades
 + Level 6.5 Armour
 + Level 0.5 Dodging
 + Level 9.2 Shields


You had 7 spell levels left.
You didn't know any spells.
Your spell library contained the following spells:

 Spells                   Type           Power        Failure   Level  Hunger
 Animate Skeleton         Necr           N/A          100%        1    ##.....
 Beastly Appendage        Tmut           #.....       100%        1    ##.....
 Foxfire                  Conj/Fire      #...         100%        1    ##.....
 Magic Dart               Conj           #...         100%        1    ##.....
 Pain                     Necr           #...         100%        1    ##.....
 Blink                    Tloc           N/A          100%        2    ###....
 Call Imp                 Summ           #.......     100%        2    ###....
 Slow                     Hex            #.......     100%        2    ###....
 Sticks to Snakes         Tmut           #.......     100%        2    ###....
 Conjure Flame            Conj/Fire      #.......     100%        3    ####...
 Inner Flame              Hex/Fire       #.......     100%        3    ####...
 Mephitic Cloud           Conj/Pois/Air  #.......     100%        3    ####...
 Spider Form              Tmut/Pois      #.........   100%        3    ####...
 Vampiric Draining        Necr           #.........   100%        3    ####...
 Animate Dead             Necr           N/A          100%        4    #####..
 Ice Form                 Ice/Tmut       #.......     100%        4    #####..
 Sticky Flame             Conj/Fire      #.......     100%        4    #####..
 Agony                    Necr           #.......     100%        5    ######.
 Blade Hands              Tmut           #.........   100%        5    ######.
 Fireball                 Conj/Fire      #.........   100%        5    ######.


Dungeon Overview and Level Annotations

Branches:
Dungeon (7/15)             Temple (1/1) D:4

Altars:
Cheibriados
Dithmenos
Gozag
Makhleb
Nemelex Xobeh
Okawaru
Ru
Uskayaw
Wu Jian
Xom
Yredelemnul
The Shining One

Annotations:
D:4 1 runed translucent door, brujo666's ghost, amateur DsAK


Innate Abilities, Weirdness & Mutations

You reflexively headbutt those who attack you in melee.
You have a pair of horns on your head.


Message History

The kobold demonologist is heavily wounded.
You block the sun demon's attack.
You block the kobold demonologist's attack.
You miss the kobold demonologist.
You headbutt the kobold demonologist, but do no damage.
The kobold demonologist is heavily wounded.
The sun demon hits you.
You are engulfed in flames!!
* * * LOW HITPOINT WARNING * * *
The kobold demonologist looks satisfied for a moment.
You block the sun demon's attack.
Evoke which item? (* to show all) (? for menu, Esc to quit)
Okay, then.
The sun demon disappears in a puff of smoke!
The kobold demonologist looks satisfied for a moment.
The kobold demonologist looks satisfied for a moment.
The kobold demonologist casts a spell.
The soul eater draws from the surrounding life force!
* * * LOW HITPOINT WARNING * * *
The soul eater draws from the surrounding life force!
You die...

##......# #...#...##
#..##...#
##..##...##
..####..##
#...##...## .##
#...# ##..###...# .#
##..# #..####..## .#
#..## #...# ##..# .#
##..# ##..## ##.#
..# #..## #...#
#.### ..# ##..###
#@..###...# ..#
##.....###........##
...#
#..........########
#..# #...####..###
.......# #3K# ...##
#..# ... #.K## ..
#...# #5..........


You could see a soul eater (summoned) and a kobold demonologist.

Vanquished Creatures
  Duvessa (D:4)
  A black bear (D:6)
  An ice beast (D:7)
  2 phantoms (D:5)
  4 bullfrogs (D:6)
  A wyvern zombie (D:6)
  A scorpion (D:6)
  Dowan (D:4)
  3 howler monkeys
  2 crimson imps
  3 orc wizards (D:4)
  2 jellies
  An orc priest (D:4)
  A centaur skeleton (D:4)
  4 hounds
  2 bullfrog skeletons (D:5)
  3 iguanas (D:5)
  5 worker ants
  2 hound skeletons (D:5)
  7 adders
  3 oozes
  2 worms
  2 dart slugs (D:1)
  6 leopard geckos
  19 orcs
  2 ball pythons
  9 bats
  6 giant cockroaches
  2 gnoll zombies (D:2)
  8 goblins
  9 hobgoblins
  10 jackals
  2 quokkas
  2 frilled lizards
  3 kobolds
  A leopard gecko zombie (D:3)
  11 rats
144 creatures vanquished.

Notes
Turn   | Place    | Note
-------+----------+-------------------------------------------
     0 | D:1      | Peloso the Minotaur Fighter began the quest for the Orb.
     0 | D:1      | Reached XP level 1. HP: 19/19 MP: 0/0
    74 | D:1      | Reached XP level 2. HP: 21/27 MP: 1/1
   478 | D:1      | Reached XP level 3. HP: 33/33 MP: 2/2
   703 | D:2      | Found a hide-covered altar of Uskayaw.
   703 | D:2      | Noticed a +0 hand axe
   704 | D:2      | Noticed a +0 dagger
   709 | D:2      | Reached skill level 4 in Shields
  1073 | D:2      | Found a snail-covered altar of Cheibriados.
  1243 | D:2      | Found a basalt altar of Yredelemnul.
  1399 | D:2      | Reached XP level 4. HP: 30/40 MP: 3/3
  1652 | D:2      | Found an opulent altar of Gozag.
  2591 | D:4      | Reached skill level 5 in Shields
  2591 | D:4      | Reached XP level 5. HP: 47/47 MP: 4/4
  2689 | D:4      | Found a staircase to the Ecumenical Temple.
  2739 | Temple   | Entered the Ecumenical Temple
  3195 | D:4      | Reached skill level 5 in Long Blades
  3199 | D:4      | Reached XP level 6. HP: 44/53 MP: 5/5
  3383 | D:4      | Noticed brujo666's ghost (amateur DsAK)
  3384 | D:4      | Found a runed translucent door.
  3686 | D:4      | Noticed Duvessa
  3686 | D:4      | Noticed Dowan
  3694 | D:4      | Killed Dowan
  3696 | D:4      | Killed Duvessa
  3696 | D:4      | Reached skill level 5 in Armour
  3696 | D:4      | Reached skill level 6 in Shields
  3701 | D:4      | Reached XP level 7. HP: 53/60 MP: 6/6
  3806 | D:5      | Entered Level 5 of the Dungeon
  3830 | D:5      | Reached skill level 5 in Fighting
  4011 | D:5      | Reached skill level 7 in Shields
  4616 | D:6      | Reached XP level 8. HP: 64/69 MP: 7/7
  4692 | D:6      | Reached skill level 8 in Shields
  5316 | D:7      | Reached skill level 9 in Shields
  5482 | D:7      | Noticed a kobold demonologist
  5483 | D:7      | Noticed a sun demon
  5493 | D:7      | Noticed a soul eater
  5501 | D:7      | Killed from afar by a soul eater

Illustrated notes

Levels and vault maps discovered:
D:1:      shiori_arrival_maze, layout_loops_ring
D:2:      minmay_razor_zed, layout_loops_ring, nicolae_overflow_crystal_walls,
          lemuel_zombie_altar_yredelemnul, dancing_weapons_uskayaw,
          grunt_gozag_statues, first_ration
D:3:      layout_loops_ring
D:4:      layout_gridville, minmay_temple_entry_trees, gammafunk_ghost_grave,
          hangedman_abyss_or_decor_jellyfish_corner, minmay_door_square,
          uniq_duvessa
D:5:      layout_cave_pools
D:6:      layout_cave_pools
D:7:      layout_layer_cave, lemuel_round_altar, serial_shops,
          nicolae_shop_trees
Temple:   cyrus_circular_temple

Skill      XL: |  1  2  3  4  5  6  7  8 |
---------------+-------------------------+-----
Fighting       | 4 5 6 |  6.1
Armour         | 4 5 6 |  6.5
Long Blades    | 3 5 7 8 |  8.3
Shields        | 4 5 6 7 9 |  9.2
Dodging        | |  0.5

Action                   |  1- 3 |  4- 6 |  7- 9 || total
-------------------------+-------+-------+-------++-------
Melee: Long sword        |   111 |   205 |   237 ||   553
       Headbutt          |    13 |    37 |    50 ||   100
  Use: Potion            |     2 |     1 |       ||     3
       Scroll            |       |     4 |       ||     4
  Eat: Chunk             |     2 |     7 |     7 ||    16
Armor: Scale mail        |    23 |       |       ||    23
       Plate armour      |    34 |   158 |   119 ||   311
Dodge: Dodged            |    19 |    19 |    22 ||    60
Block: Kite shield       |    35 |       |       ||    35
       Tower shield      |    31 |   254 |   205 ||   490
       Rpst.: Long sword |     7 |     9 |     6 ||    22
